 Dungeon Crawl Stone Soup version 0.29-a0-234-g0dae59b3db (webtiles) character file.

Game seed: 15867888398158689218

308 spaghetti the Shooter (level 6, -1/44 HPs)
             Began as a Demonspawn Hunter on Mar 2, 2022.
             Was a Believer of Ru.
             Slain by Maggie
             ... wielding a +3 scimitar of holy wrath
              (12 damage)
             ... on level 6 of the Dungeon.
             The game lasted 00:03:36 (2743 turns).

spaghetti the Shooter (Demonspawn Hunter)           Turns: 2743, Time: 00:03:36

Health: -1/44      AC:  4    Str: 17    XL:     6   Next: 16%
Magic:  6/6        EV: 12    Int: 14    God:    Ru [**....]
Gold:   134        SH:  0    Dex: 13    Spells: 5/5 levels left

rFire   . . .      SeeInvis .   b - +2 dagger (venom) {short}
rCold   . . .      Faith    .   (no shield)
rNeg    . . .      Spirit   .   m - +0 robe of Summer {Str+4}
rPois   .          Reflect  .   (no helmet)
rElec   .          Harm     .   g - +1 cloak
rCorr   .          Rampage  .   (no gloves)
Will    .....                   (no boots)
Stlth   +.........              (no amulet)
HPRegen 0.14/turn               (no ring)
MPRegen 0.10/turn               (no ring)

@: confused, ambrosia-drunk, mesmerised
A: claws 2, powered by death 1, spiny 1, inability to use devices
a: Renounce Religion


You were on level 6 of the Dungeon.
You worshipped Ru.
Ru was pleased with you.
You visited 1 branch of the dungeon, and saw 5 of its levels.

You collected 134 gold pieces.


Innate Abilities, Weirdness & Mutations

You have very sharp fingernails.
You regenerate a little health from kills.
You are partially covered in sharp spines.
You cannot study or use magical devices.


   Skills:
 - Level 2.0 Fighting
 + Level 6.8 Bows
 - Level 1.7 Dodging
 - Level 0.8 Stealth


You had 5 spell levels left.
You didn't know any spells.
Your spell library was empty.

Inventory:

Hand Weapons
 a - a +1 shortbow {bow}
 b - a +2 dagger of venom (weapon) {short}
   (You found it on level 4 of the Dungeon)
Missiles
 c - 203 stones {throwing}
 f - 11 poisoned darts {throwing}
Armour
 g - a +1 cloak (worn)
   (You found it on level 4 of the Dungeon)
 h - a +0 leather armour
 m - the +0 robe of Summer (worn) {Str+4}
   (You found it on level 3 of the Dungeon)

   Str:       It affects your strength (+4).
 o - a +3 chain mail
   (You found it on level 3 of the Dungeon)
Jewellery
 k - a ring of fire
   (You found it on level 2 of the Dungeon)
Scrolls
 n - a scroll of identify {@r1}
Potions
 d - a potion of attraction {!q}
 i - a potion of flight
 j - a potion of ambrosia
 l - a potion of haste {unknown}
 p - a potion of cancellation {unknown}
 q - 2 potions of invisibility {unknown}
 r - a potion of berserk rage {unknown}

Dungeon Overview and Level Annotations

Branches:
Dungeon (4/15)
 Temple: D:4-7

Altars:
Cheibriados
Ru

Annotations:
D:6 Maggie

#..#.#######
########..#.......#
#.........#..####.#.
#...................
#............####.#.##
#.........>...........
#............####.#.##
#.......#....####.#..
#.......#....@@......
#.......#..#.........
#.......#..#.####.##.
#####'###..#.... .#
#######.###.......
.............#.###
#######.#[####....
........#.........
#########.##....##


You could see Maggie (mesmerising).


Message History

😎 HP[+4]
Your hp is fully restored (44).
r - a grey potion You hear the slow hiss of a very distant avalanche of sand.
An iguana comes into view.
The iguana hisses angrily.
An iguana is nearby!
An iguana is nearby!
Your +2 dagger of venom {short} stops dripping with poison.
a - a +1 shortbow (weapon)
{bow} You shoot an arrow.
The arrow hits the iguana but does no damage.
You shoot an arrow. The arrow barely misses the iguana.
You shoot an arrow. The arrow barely misses the iguana.
You shoot an arrow. The arrow hits the iguana!
You shoot an arrow. The arrow closely misses the iguana.
The iguana barely misses you.
Your +2 dagger of venom {short} begins to drip with poison!
b - a +2 dagger of venom (weapon)
{short} You hit the iguana but do no damage.
The iguana bites you. 😕 HP[-1]
You take 1 damage, and now have 43/44 hp.
You hit the iguana but do no damage.
The iguana is poisoned.
The iguana bites you. 😕 HP[-2]
You take 2 damage, and now have 41/44 hp.
You barely miss the iguana. The iguana barely misses you.
You closely miss the iguana.
You redirect the iguana's attack!
The iguana bites itself!
The iguana dies!
No target in view!
No target in view!
No target in view!
No target in view!
No target in view!
No target in view!
No target in view!
Maggie the Vainglorious comes into view.
She is wielding a +3 scimitar of holy wrath.
Maggie shouts! 😎 HP[+3]
Your hp is fully restored (44).
Your +2 dagger of venom {short} stops dripping with poison.
a - a +1 shortbow (weapon)
{bow} You shoot an arrow.
The arrow closely misses Maggie.
Maggie casts a spell at you. The bolt of fire misses you.
You shoot an arrow.
The arrow hits Maggie but does no damage.
You shoot an arrow.
The arrow hits Maggie but does no damage.
Maggie gestures wildly while chanting.
Maggie attempts to bespell you!
You are mesmerised by Maggie!
You shoot an arrow. The arrow hits Maggie!
You shoot an arrow.
The arrow hits Maggie but does no damage.
You shoot an arrow. The arrow hits Maggie.
Maggie casts a spell.
Maggie draws you further into her thrall.
Maggie smiles, but it's obviously fake.
Your +2 dagger of venom {short} begins to drip with poison!
b - a +2 dagger of venom (weapon)
{short} You hit Maggie but do no damage.
You hear the slow hiss of a very distant avalanche of sand.
Maggie is struck by your spines.
Maggie hits you with a +3 scimitar of holy wrath!
You convulse!
* * * LOW HITPOINT WARNING * * *
😨 HP[-25]
You take 25 damage, and now have 19/44 hp.
MASSIVE DAMAGE!! (PAUSE) Unknown command.
Unknown command.
Okay, then.
Okay, then.
You feel better. Maggie is struck by your spines.
Maggie hits you with a +3 scimitar of holy wrath!
* * * LOW HITPOINT WARNING * * *
You convulse.
* * * LOW HITPOINT WARNING * * *
😱 HP[-8]
You take 8 damage, and now have 11/44 hp.
Okay, then.
You feel better. Maggie is struck by your spines.
Maggie hits you with a +3 scimitar of holy wrath!
* * * LOW HITPOINT WARNING * * *
You convulse.
* * * LOW HITPOINT WARNING * * *
😱 HP[-8]
You take 8 damage, and now have 3/44 hp.
Unknown command.
It was a potion of ambrosia.
You are confused.
You feel invigorated. Maggie barely misses you. 😱 HP[+3]
You regained 3 hp, and now have 6/44 hp.
You hit Maggie but do no damage.
Maggie hits you with a +3 scimitar of holy wrath!
You die...

Skill      XL: |  1  2  3  4  5 |
---------------+----------------+-----
Bows           | 4 5 6 |  6.8
Fighting       | |  2.0
Dodging        | |  1.7
Stealth        | |  0.8

Action                   |  1- 3 |  4- 6 || total
-------------------------+-------+-------++-------
Melee: Dagger            |       |    57 ||    57
 Fire: Shortbow          |    23 |    61 ||    84
Invok: Sacrifice Artific |       |     1 ||     1
  Use: Scroll            |       |     3 ||     3
       Potion            |       |     4 ||     4
 Stab: Sleeping          |       |     2 ||     2
       Distracted        |       |     1 ||     1
Armor: Leather armour    |     4 |     9 ||    13
       Robe              |       |     8 ||     8
Dodge: Dodged            |    14 |    36 ||    50

Levels and vault maps discovered:
D:1:      minmay_arrival_nine_rooms, layout_basic, minmay_tetromino_t2
D:2:      layout_basic, dreamdust_ecumenical_altar_statues
D:3:      minmay_door_path, layout_loops_corners, nicolae_overflow_hidden_temple
D:4:      layout_gridville, grunt_ministairs_10
D:6:      layout_basic, minmay_temple_entry_fiery, nicolae_ossuary_entry_plus,
          uniq_maggie

Notes
Turn   | Place    | Note
-------+----------+-------------------------------------------
     0 | D:1      | spaghetti the Demonspawn Hunter began the quest for the
                  | Orb.
     0 | D:1      | Reached XP level 1. HP: 16/16 MP: 1/1
     0 | D:1      | magus.rc [v1.9.6]
   138 | D:3      | Reached skill level 4 in Bows
   142 | D:3      | Gained mutation: You are partially covered in sharp spines.
                  | [demonic ancestry]
   142 | D:3      | Reached XP level 2. HP: 22/22 MP: 2/2
   221 | D:4      | Noticed a necrophage
   225 | D:4      | Killed a necrophage
   226 | D:4      | Reached skill level 5 in Bows
   226 | D:4      | Gained mutation: You have sharp fingernails. [demonic
                  | ancestry]
   226 | D:4      | Reached XP level 3. HP: 27/27 MP: 3/3
   226 | D:4      | Reached XP level 4. HP: 33/33 MP: 4/4
   276 | D:4      | HP: 7/33 [gnoll/+0 flail (7)]
   277 | D:4      | Noticed a scorpion
   290 | D:4      | Killed a scorpion
   291 | D:4      | Gained mutation: You have very sharp fingernails. [demonic
                  | ancestry]
   291 | D:4      | Reached XP level 5. HP: 15/38 MP: 5/5
   548 | D:4      | Reached skill level 6 in Bows
  1235 | D:2      | Found a faded altar of an unknown god.
  1246 | D:2      | Prayed at the altar of an unknown god.
  1246 | D:2      | Became a worshipper of Ru the Awakened
  1260 | D:2      | Gained mutation: You cannot study or use magical devices.
                  | [Ru sacrifice]
  1260 | D:2      | Reached * piety under Ru
  1260 | D:2      | Reached ** piety under Ru
  1552 | D:3      | Found a snail-covered altar of Cheibriados.
  1955 | D:3      | Identified the +0 robe of Summer {Str+4}
  2249 | D:3      | Gained mutation: You regenerate a little health from kills.
                  | [demonic ancestry]
  2249 | D:3      | Reached XP level 6. HP: 30/44 MP: 6/6
  2638 | D:4      | You fall into a shaft and drop 2 floors!
  2730 | D:6      | Noticed Maggie
  2740 | D:6      | HP: 11/44 [Maggie/+3 scimitar of holy wrath (5)]
  2741 | D:6      | HP: 3/44 [Maggie/+3 scimitar of holy wrath (3)]
  2743 | D:6      | Slain by Maggie

Vanquished Creatures
  A necrophage (D:4)
  A scorpion (D:4)
  An orc priest (D:3)
  An iguana (D:4)
  3 gnolls (D:4)
  2 adders
  An ufetubus (D:6)
  A worm (D:2)
  2 dart slugs (D:3)
  4 orcs (D:3)
  4 endoplasms
  2 giant cockroaches
  7 hobgoblins
  4 jackals (D:3)
  4 kobolds
  4 quokkas
  4 ball pythons
  3 bats
  A frilled lizard (D:3)
  5 goblins
  2 rats
57 creatures vanquished.

Vanquished Creatures (others)
  An iguana (D:6)
1 creature vanquished.

Grand Total: 58 creatures vanquished

Table legend:
 A = Non-vault XP
 B = Vault XP
 C = Vault XP percentage of total XP
 D = Non-vault monster count
 E = Vault monster count
 F = Vault count percentage of total count
                 A         B        C        D         E       F
            +---------+---------+-------+---------+---------+-------
      Total |     436 |       4 |   0.9 |      57 |       1 |   1.7
            +---------+---------+-------+---------+---------+-------
        D:1 |       2 |       0 |   0.0 |       1 |       0 |   0.0
        D:2 |      31 |       0 |   0.0 |      10 |       0 |   0.0
        D:3 |     106 |       4 |   3.6 |      26 |       1 |   3.7
        D:4 |     261 |       0 |   0.0 |      18 |       0 |   0.0
        D:6 |      36 |       0 |   0.0 |       2 |       0 |   0.0
            +---------+---------+-------+---------+---------+-------

Illustrated notes

Table legend:
 A = Kills in this place as a percentage of kills in entire the game.
 B = Kills by you in this place as a percentage of kills by you in the entire game.
 C = Kills by friends in this place as a percentage of kills by friends in the entire game.
 D = Other kills in this place as a percentage of other kills in the entire game.
 E = Experience gained in this place as a percentage of experience gained in the entire game.
 F = Experience gained in this place divided by the number of levels of this place that you have seen.
                   A       B       C       D       E      F
               +-------+-------+-------+-------+-------+----------------------
         Total | 100.0 | 100.0 |   N/A | 100.0 | 100.0 |  88.0
       Dungeon | 100.0 | 100.0 |   N/A | 100.0 | 100.0 |  88.0
               +-------+-------+-------+-------+-------+----------------------

Table legend: (Time is in decaauts)
 A = Elapsed time spent in this place.
 B = Non-inter-level travel time spent in this place.
 C = Inter-level travel time spent in this place.
 D = Time resting spent in this place.
 E = Time spent auto-exploring this place.
 F = Levels seen in this place.
 G = Mean time per level.
                   A        B        C        D        E       F      G
               +--------+--------+--------+--------+--------+-----+--------+
         Total |   2761 |   2625 |    136 |    436 |   1817 |   5 |  552.2 |
       Dungeon |   2761 |   2625 |    136 |    436 |   1817 |   5 |  552.2 |
               +--------+--------+--------+--------+--------+-----+--------+

Top non-repeatable levels by time:
     D:3: 1129 daAuts
     D:4: 807 daAuts
     D:2: 687 daAuts
     D:6: 104 daAuts
     D:1: 32 daAuts
